Unix NetHack Version 5.0.0-0 post-release - last build May 23 2026 06:08:33 (1c0ff79ee797540d5714e4e18072db0edd9e58ae,branch:main).

Game began 2026-05-29 20:13:13, ended 2026-05-29 20:32:29.

DaveT, lawful male human Priest

  ---------------  -------                     ------                   -----
  |(|..|........----..%..-----       -----     |(((.|------       ----  |...|
  ||-..)..{...|.......-...|..--    ---...---   |(((.-)|...| -------..-- |...|
  |....|.....-------.|....|...|-----.......--  |(((.|.|...| |.........-----.|
  -------|--.| ------|........|..--.........---------.--.-| --..............|
       |...|.|#|((((|-.......-|.......*...|.........).....----....{.....-----
       |...|.. |((%.-.........--....).....|-..-----.---.-...............-..|
     -------.| |(((.|...............|....-|.....--|..|..|--[.|.........-|..|
    --.......| ------.........|..--.|...---..|...-|..|..|-...|-...---.------
    |...-----------##.......------ .--@@....---...-------...[--------|---
    |...|.=*+!%%/(|*`........--      ---...........|...|.....%..|  |....|
    --..|.........|.......{...|        -----.......|...---).....-- |%%!%|
    --..--|--------...........|            --.---..|........*.|..| ------
    |........................--             |.| ---|.....|....|..-----
    ||--..................|.--              |.|    --...----..|....|.---
    |..|--..-.-....|.--.....---           ---|---   -----  ---|.........---
    |....|.-|.......# ---....[--          |.....|    ----     ----.....-|.--
    ||----.-.|.-.|..#   *.....>|          |.._..|    |..|---------.|....|..--
    |..............####*#.-...--          |.....|    |..--.........|---.....|
    -------..-.....#`   ####+*#           -------    --.......------  ---..<|
                                                      ---------         -----
DaveT the Adept              St:15 Dx:8 Co:13 In:11 Wi:18 Ch:10  Lawful
Dlvl:7  $:41 HP:0(48) Pw:95(95) AC:0  Xp:7 T:2940 

Latest messages:
 You hear a chugging sound.
 You are almost hit by a runed dagger.
 The Green-elf wields a runed broadsword!
 You hit the Green-elf!
 It hits!
 The Green-elf swings her runed broadsword.
 The Green-elf misses!
 You miss the Green-elf.
 The Green-elf swings her runed broadsword.
 The Green-elf hits!
 It hits!
 The Green-elf swings her runed broadsword.
 The Green-elf hits!
 Are you sure you want to pray? [yn] (n) y
 You begin praying to Issek.
 You are surrounded by a shimmering light.
 The Green-elf starts to attack you, but pulls back.
 You feel something move nearby.
 The Green-elf starts to attack you, but pulls back.
 The Green-elf starts to attack you, but pulls back.
 You feel something move nearby.
 The Green-elf starts to attack you, but pulls back.
 The Green-elf starts to attack you, but pulls back.
 You feel something move nearby.
 The Green-elf starts to attack you, but pulls back.
 You finish your prayer.
 You feel that Issek is pleased.
 You feel much better.
 You see here a cursed runed dagger.
 The Green-elf swings her runed broadsword.
 The Green-elf hits!
 The Green-elf picks up a cursed runed dagger.
 The fox misses!
 The fox misses!
 You kill the fox!
 The Green-elf swings her runed broadsword.
 The Green-elf hits!
 It hits!
 You hit the Green-elf!
 The Green-elf swings her runed broadsword.
 The Green-elf hits!
 You hit the Green-elf!
 The Green-elf swings her runed broadsword.
 The Green-elf hits!
 You die...
 Do you want your possessions identified? [ynq] (y) y
 Do you want to see your attributes? [ynq] (y) y
 Do you want an account of creatures vanquished? [ynaq] (y) y
 Do you want to see your conduct and achievements? [ynq] (y) y
 Do you want to see the dungeon overview? [ynq] (y) y

Inventory:
 Coins    ('$')
  $ - 41 gold pieces
 Weapons  (')')
  B - 17 +0 darts
  z - 6 +0 shuriken
  F - a +3 dagger (at the ready)
  p - 3 +0 daggers
  a - a blessed +6 mace (weapon in right hand)
 Armor    ('[')
  D - a +0 pair of jumping boots (being worn)
  c - a +0 small shield (being worn)
  b - a +0 robe (being worn)
  u - a +0 Hawaiian shirt with a plumeria motif (being worn)
  l - a blessed +2 scale mail (being worn)
 Comestibles  ('%')
  e - a clove of garlic
  v - a food ration
  f - a sprig of wolfsbane
 Scrolls  ('?')
  H - 2 scrolls of create monster
  E - a scroll of enchant weapon
 Potions  ('!')
  d - 3 potions of holy water
 Tools    ('(')
  K - a wooden harp
  G - a +0 pick-axe
  J - a skeleton key
  I - a towel

DaveT the Priest's attributes:

Background:
 You were an Adept, a level 7 human Priest.
 You were lawful, on a mission for Issek
 who was opposed by Mog (neutral) and Kos (chaotic).
 You were right-handed.
 You were in the Gnomish Mines, on level 7.
 You entered the dungeon 2940 turns ago.
 You had 1153 experience points, 127 more were needed to attain level 8.

Basics:
 You had 0 out of 48 hit points.
 You had all 95 energy points (spell power).
 Your armor class was 0.
 Your wallet contained 41 zorkmids.
 Autopickup was off.

Final Characteristics:
 Your strength was 15 (limit:18/100).
 Your dexterity was 8 (limit:18).
 Your constitution was 13 (limit:18).
 Your intelligence was 11 (limit:18).
 Your wisdom was 18 (limit:18).
 Your charisma was 10 (limit:18).

Final Status:
 You weren't hungry.
 You were unencumbered.
 You were wielding a mace.
 You had basic skill with mace and could have enhanced that.

Final Attributes:
 You were fervently aligned.
 You were telepathic.
 You could jump.
 You were guarded.
 Your spell casting was impaired by metallic armor, mitigated by your robe.
 You are dead.

Miscellaneous:
 You didn't encounter any bones levels.
 Total elapsed playing time was 19 minutes and 15 seconds.

Major events:
 Turn
    1: DaveT the lawful human Priest entered the dungeon
  512: attained the rank of Acolyte (level 3)
  878: found Giantslayer in a shop
  939: attained the rank of Adept (level 6)
  955: entered the Gnomish Mines
 2008: reached Mine Town
 2940: killed by a Green-elf

Spells:
 Name                 Level Category     Fail Retention
 detect monsters        1   divination    31%  76%-100%
 healing                1   healing       13%  76%-100%

Skills:
 Fighting Skills
   bare handed combat [Unskilled]
 Weapon Skills
   club               [Unskilled]
   mace               [Basic]
   morning star       [Unskilled]
   flail              [Unskilled]
   hammer             [Unskilled]
   quarterstaff       [Unskilled]
   polearms           [Unskilled]
   spear              [Unskilled]
   trident            [Unskilled]
   lance              [Unskilled]
   bow                [Unskilled]
   sling              [Unskilled]
   crossbow           [Unskilled]
   dart               [Unskilled]
   shuriken           [Unskilled]
   boomerang          [Unskilled]
   unicorn horn       [Unskilled]
 Spellcasting Skills
   healing spells     [Unskilled]
   divination spells  [Unskilled]
   clerical spells    [Basic]

Voluntary challenges:
 Character rerolling was not enabled.
 You never genocided any monsters.
 You never polymorphed an object.
 You never changed form.
 You used no wishes.
Achievements:
 You entered a shop.
 You attained the rank of Acolyte.
 You attained the rank of Adept.
 You entered the Gnomish Mines.
 You entered Minetown.
 You entered a temple.

 The Dungeons of Doom: levels 1 to 4
    Level 1:
    Level 2:
       A general store.
    Level 3:
       A general store, a fountain.
       Stairs down to The Gnomish Mines.
    Level 4:
 The Gnomish Mines: levels 4 to 8
    Level 4:
    Level 5:
    Level 6:
    Level 7: <- You were here.
       Many shops, a temple and an altar to Issek, many fountains.
       Final resting place for
          you, killed by a Green-elf.
    Level 8:


Vanquished creatures:
  a ghost
  a giant mimic
  5 small mimics
  a black light
  2 gnome rulers
  a dwarf leader
  6 fog clouds
  8 gnome leaders
  2 gnomish wizards
  a floating eye
  a kitten
  5 dwarves
 an iguana
 an acid blob
  2 large kobolds
  a hobgoblin
  4 giant rats
 24 gnomes
  a gnome zombie
  2 geckos
  3 jackals
  4 foxes
  3 grid bugs
  3 lichens
  2 newts
85 creatures vanquished.

No species were genocided or became extinct.

Game over:
                       ----------
                      /          \
                     /    REST    \
                    /      IN      \
                   /     PEACE      \
                  /                  \
                  |      DaveT       |
                  |      41 Au       |
                  |   killed by a    |
                  |    Green-elf     |
                  |                  |
                  |                  |
                  |       2026       |
                 *|     *  *  *      | *
        _________)/\\_//(\/(/\)/\//\/|_)_______

Goodbye DaveT the Priest...

You died in The Gnomish Mines on dungeon level 7 with 5009 points,
and 41 pieces of gold, after 2940 moves.
You were level 7 with a maximum of 48 hit points when you died.

